 Dungeon Crawl Stone Soup version 0.29.1-12-g30fa7ad0bf (webtiles) character file.

Game seed: 9704889770330283384

54500 raph the Tainter (level 14, -3/118 HPs)
             Began as a Green Draconian Venom Mage on Jan 6, 2023.
             Was an Elder of Vehumet.
             Slain by a minotaur
             ... wielding the +11 broad axe of the Priest {elec, rF+ rN++ Int+4 Dex+3}
              (5 damage)
             ... in a Gauntlet.
             The game lasted 00:54:22 (27006 turns).

raph the Tainter (Green Draconian Venom Mage)      Turns: 27006, Time: 00:54:23

Health: -3/118     AC: 19    Str: 11    XL:     14   Next: 34%
Magic:  23/27      EV: 14    Int: 21    God:    Vehumet [****..]
Gold:   1036       SH:  6    Dex: 11    Spells: 1/31 levels left

rFire   + . .      SeeInvis +   L - +8 whip "Snakebite" {venom, curare, rPois}
rCold   . . .      Faith    .   D - +1 buckler
rNeg    . . .      Spirit   .   (body armour unavailable)
rPois   +          Reflect  .   (helmet restricted)
rElec   .          Harm     .   f - +2 cloak
rCorr   .          Rampage  .   k - +1 pair of gloves
Will    +....      NoTele   +   d - +1 pair of boots
Stlth   ++........              P - amulet of magic regeneration
HPRegen 0.29/turn               l - +4 ring of protection
MPRegen 0.60/turn               U - ring of Tosi {Wiz rF+ SInv}

@: no status effects
A: breathe noxious fumes, AC +8, unfitting armour, stinger 1, poison resistance,
cold-blooded
a: Breathe Noxious Fumes, Renounce Religion


You were in a Gauntlet.
You worshipped Vehumet.
Vehumet was greatly pleased with you.
You visited 3 branches of the dungeon, and saw 18 of its levels.
You also visited: Gauntlet.

You collected 1352 gold pieces.
You spent 316 gold pieces at shops.

Inventory:

Hand Weapons
 c - a +0 dagger
 o - the +1 dagger of Badghois {drain, rF+}
   (You bought it in a shop on level 1 of the Dungeon)

   A truly terrible weapon, it drains the life of any living foe it strikes.
   rF:        It protects you from fire.
 r - a +0 rapier
 L - the +8 whip "Snakebite" (weapon) {venom, curare, rPois}
   (You found it on level 3 of the Lair of Beasts)

   It poisons the flesh of those it strikes.
   It occasionally inflicts asphyxiating poison on those it strikes, dealing
   poison damage and causing slowness.
   rPois:     It protects you from poison.
Missiles
 b - 31 poisoned darts
 J - a throwing net
Armour
 d - a +1 pair of boots (worn)
 f - a +2 cloak (worn)
 k - a +1 pair of gloves (worn)
 D - a +1 buckler (worn)
Jewellery
 j - a +4 ring of evasion
 l - a +4 ring of protection (left hand)
 p - a ring of poison resistance
 u - a ring of protection from cold
 B - a ring of protection from fire
 E - a ring of protection from cold
 P - an amulet of magic regeneration (around neck)
 S - a ring of fire
 T - a ring of fire
 U - the ring of Tosi (right hand) {Wiz rF+ SInv}
   (You found it in a Gauntlet)

   [ring of wizardry]

   It improves your spell success rate.
   rF:        It protects you from fire.
   SInv:      It lets you see invisible.
Wands
 s - a wand of charming (32)
 w - a wand of flame (38)
 K - a wand of mindburst (9)
 M - a wand of polymorph (5)
Scrolls
 q - 6 scrolls of fog
 y - 5 scrolls of identify
 A - 5 scrolls of amnesia
 C - 7 scrolls of magic mapping
 I - a scroll of immolation
 R - a scroll of enchant weapon {unknown}
Potions
 a - 2 potions of magic
 e - 4 potions of mutation
 g - 2 potions of haste
 h - 3 potions of resistance
 m - a potion of flight
 n - a potion of invisibility
 t - 11 potions of curing
 v - 2 potions of cancellation
 z - 2 potions of brilliance
 F - 2 potions of attraction
 H - 4 potions of lignification
 N - 2 potions of might
Miscellaneous
 x - a box of beasts (inert)
 G - a phantom mirror (inert)
 O - a lightning rod (4/4)


   Skills:
 + Level 9.4 Fighting
 - Level 3.2 Short Blades
 + Level 3.4 Maces & Flails
 + Level 8.2 Dodging
 - Level 1.7 Stealth
 - Level 6.4 Shields
 + Level 9.1 Spellcasting
 + Level 10.6 Conjurations
 - Level 1.0 Transmutations
 + Level 10.2 Fire Magic
 + Level 14.5 Poison Magic


You had one spell level left.
You knew the following spells:

 Your Spells              Type           Power      Damage    Failure   Level
a - Sting                 Tmut/Pois      100%       1d8       1%          1
b - Starburst             Conj/Fire      26%        6d8       2%          6
c - Mephitic Cloud        Conj/Pois/Air  44%        N/A       1%          3
d - Olgreb's Toxic Radia  Pois           63%        N/A       1%          4
e - Fireball              Conj/Fire      26%        3d12      1%          5
f - Shock                 Conj/Air       100%       1d9       1%          1
g - Flame Wave            Conj/Fire      52%        2d13      1%          4
h - Scorch                Fire           100%       2d10      1%          2
i - Sticky Flame          Conj/Fire      52%        2d7       1%          4

Your spell library contained the following spells:

 Spells                   Type           Power      Damage    Failure   Level
 Lee's Rapid Deconstruct  Erth           4%         3d6*      24%         5
 Foxfire                  Conj/Fire      100%       2x1d9     1%          1
 Poisonous Vapours        Pois/Air       80%        N/A       1%          2
 Conjure Flame            Conj/Fire      52%        6-21      1%          3
 Inner Flame              Hex/Fire       31%        N/A       1%          3
 Call Imp                 Summ           9%         N/A       6%          2
 Yara's Violent Unravell  Hex/Tmut       5%         3d4       21%         5
 Animate Dead             Necr           9%         N/A       32%         4
 Summon Lightning Spire   Summ/Air       9%         N/A       32%         4
 Ignition                 Fire           25%        3d9       58%         8
 Borgnjor's Vile Clutch   Necr/Erth      4%         N/A       65%         5
 Death Channel            Necr           4%         N/A       99%         6
 Discord                  Hex            4%         N/A       100%        8


Dungeon Overview and Level Annotations

Branches:
Dungeon (12/15)            Temple (1/1) D:7            Lair (5/5) D:11
 Shoals (0/4) Lair:3        Snake (0/4) Lair:3        Slime (0/5) Lair:4
Gauntlet (1/1)
    Orc: D:9-12

Altars:
Ashenzari
Cheibriados
Dithmenos
Elyvilon
Fedhas
Gozag
Hepliaklqana
Kikubaaqudgha
Makhleb
Nemelex Xobeh
Okawaru
Qazlal
Ru
Sif Muna
Trog
Uskayaw
Vehumet
Wu Jian
Xom
Yredelemnul
Zin
The Shining One

Shops:
D:1 (   D:5 ?

Annotations:
Gauntlet 8 transporters


Innate Abilities, Weirdness & Mutations

You can breathe blasts of noxious fumes.
Your lurid green scales are hard. (AC +8)
You cannot fit into any form of body armour.
Your tail ends in a venomous barb.
Your system is resistant to poisons. (rPois)
You are cold-blooded and may be slowed by cold attacks.


Message History

The sticky flame hits the minotaur.
The minotaur resists.
The minotaur is lightly wounded.
The minotaur bellows!
The minotaur is covered in liquid flames!
The minotaur burns!
The minotaur hits you with the +11 broad axe of the Priest {elec, rF+ rN++ Int+4 Dex+3}.
The minotaur gores you.
Casting: Sticky Flame (safe; 1% risk of failure)
Confirm with . or Enter, or press ? or * to list all spells.
You begin to radiate toxic energy.
The minotaur burns!
The minotaur hits you with the +11 broad axe of the Priest {elec, rF+ rN++ Int+4 Dex+3}!!
The minotaur barely misses you.
The minotaur burns!
Your toxic aura wanes.
The minotaur burns!
The minotaur burns!
The minotaur burns!
The minotaur stops burning.
Press: ? - help, v - describe, . - travel
Here: a minotaur, wielding the +11 broad axe of the Priest {elec, rF+ rN++ Int+4 Dex+3}, wearing a +2 plate armour of poison resistance and quivering javelins (lightly wounded)
The floor, spattered with blood.
Aiming: Phantom Mirror
Press: ? - help, Dir - move target, f/p - minotaur
Aim: a minotaur, wielding the +11 broad axe of the Priest {elec, rF+ rN++ Int+4 Dex+3}, wearing a +2 plate armour of poison resistance and quivering javelins (lightly wounded)
You reflect the minotaur with the mirror!
The mirror clouds!
The minotaur hits you with the +11 broad axe of the Priest {elec, rF+ rN++ Int+4 Dex+3}!!
The minotaur hits your minotaur with the +11 broad axe of the Priest {elec, rF+ rN++ Int+4 Dex+3}!!
The minotaur closely misses you.
Your minotaur hits the minotaur with the +11 broad axe of the Priest {elec, rF+ rN++ Int+4 Dex+3}!
Lightning courses through the minotaur!
Your minotaur gores the minotaur but does no damage.
Your minotaur throws a javelin.
The javelin barely misses the minotaur.
The javelin pierces through you but does no damage.
The minotaur attacks as you move away!
The minotaur hits you with the +11 broad axe of the Priest {elec, rF+ rN++ Int+4 Dex+3}!!!
* * * LOW HITPOINT WARNING * * *
You are electrocuted!
* * * LOW HITPOINT WARNING * * *
The minotaur gores you.
You die...

#..###.#.....#
...##..#.#####
#..#...#.#....####
#..#...#.####....#
#.8#.©.#.#.##.##.#
#..#...#.#.#8 #H#
#.∩#.©...#H# #.#
#..#...#.#.# #H#
#.8#.©.#.#.#####@#
#..#...#.#.##....#
#..#...#.#....####.#
...##..#.###.##....#
#..###.#........#
#..§#############
#..## #..≈# #..##


You could see a minotaur (ally target) and a friendly minotaur (summoned,
drained).

Vanquished Creatures
  A boulder beetle (D:11)
  An ice dragon (Lair:5)
  3 hydras
  6 catoblepae
  2 two-headed ogres (D:10)
  4 death yaks (Lair:5)
  5 skeletal warriors (D:11)
  Pikel (D:5)
  A wolf spider (D:12)
  A moth of wrath (Gauntlet)
  A cyclops (D:12)
  2 manticores (Lair:5)
  16 elephants
  6 black mambas
  2 torpor snails
  2 komodo dragons (Lair:2)
  13 cane toads
  An unseen horror (D:11)
  3 rime drakes
  A kobold demonologist (D:9)
  A troll (D:11)
  3 polar bears
  3 meliai (Gauntlet)
  3 hornets
  34 blink frogs
  A shadow (D:12)
  61 yaks
  3 wyverns
  5 vampire mosquitoes
  6 basilisks
  Grum (D:8)
  A steam dragon (D:9)
  3 wargs (D:11)
  An acid dragon (D:11)
  3 nagas (Lair:3)
  16 water moccasins
  7 orc warriors
  A black bear (D:5)
  An ice beast (D:7)
  An ogre (D:5)
  A sky beast (D:8)
  11 wolves
  3 centaurs
  A lemure (D:5)
  A phantom (D:5)
  A kobold brigand (D:8)
  Blork the orc (D:4)
  3 bullfrogs
  2 gnoll sergeants
  4 scorpions
  5 wights
  2 killer bees (D:10)
  An electric eel (Lair:4)
  8 hounds
  9 orc priests
  Crazy Yiuf (D:3)
  A gnoll bouda (D:8)
  An iguana (D:5)
  10 orc wizards
  6 hell rats (Lair:4)
  15 gnolls
  12 adders
  5 white imps
  2 ufetubi
  2 worms (D:3)
  4 dart slugs
  33 orcs
  2 bats
  4 endoplasms
  A giant cockroach (D:1)
  9 goblins
  8 hobgoblins
  3 jackals (D:1)
  12 kobolds
  A quokka (D:1)
  7 ball pythons
  3 frilled lizards
  8 rats
430 creatures vanquished.

Vanquished Creatures (collateral kills)
  A killer bee (D:10)
1 creature vanquished.

Vanquished Creatures (others)
  25 fungi
  55 plants
  9 withered plants (D:8)
89 creatures vanquished.

Grand Total: 520 creatures vanquished

Notes
Turn   | Place    | Note
-------+----------+-------------------------------------------
     0 | D:1      | raph the Draconian Venom Mage began the quest for the Orb.
     0 | D:1      | Reached XP level 1. HP: 14/14 MP: 3/3
   243 | D:1      | Reached XP level 2. HP: 19/20 MP: 1/5
   296 | D:1      | Learned a level 2 spell: Poisonous Vapours
   762 | D:1      | Reached skill level 4 in Poison Magic
   899 | D:1      | Found a faded altar of an unknown god.
  1224 | D:1      | Found Egoewat's Antique Weapon Shoppe.
  1670 | D:2      | Found an ornate altar of the Wu Jian Council.
  1702 | D:2      | Reached XP level 3. HP: 26/26 MP: 4/6
  1706 | D:2      | Learned a level 3 spell: Mephitic Cloud
  3675 | D:3      | Found a runed translucent door.
  3676 | D:3      | Noticed Crazy Yiuf
  3697 | D:3      | Killed Crazy Yiuf
  3698 | D:3      | Reached skill level 5 in Poison Magic
  3698 | D:3      | Reached XP level 4. HP: 18/33 MP: 3/7
  4094 | D:1      | Bought a shimmering dagger for 154 gold pieces
  4094 | D:1      | Identified the +1 dagger of Badghois {drain, rF+} (You
                  | bought it in a shop on level 1 of the Dungeon)
  4288 | D:4      | Noticed Blork the orc
  4320 | D:4      | Killed Blork the orc
  4321 | D:4      | Reached XP level 5. HP: 38/38 MP: 0/9
  4937 | D:4      | Learned a level 4 spell: Olgreb's Toxic Radiance
  5383 | D:5      | Entered Level 5 of the Dungeon
  5388 | D:5      | Noticed a centaur
  5399 | D:5      | Killed a centaur
  5400 | D:5      | Reached skill level 6 in Poison Magic
  5400 | D:5      | Reached XP level 6. HP: 32/45 MP: 1/11
  5736 | D:5      | Reached skill level 7 in Poison Magic
  5736 | D:5      | Your scales start taking on a lurid green colour.
  5736 | D:5      | Reached skill level 8 in Poison Magic
  5736 | D:5      | Reached XP level 7. HP: 40/50 MP: 1/13
  5736 | D:5      | Gained mutation: Your system is resistant to poisons.
                  | (rPois) [Green Draconian growth]
  6096 | D:5      | Found Mofisol's Magic Scroll Shoppe.
  6103 | D:5      | Bought a scroll of blinking for 90 gold pieces
  6103 | D:5      | Bought a scroll of identify for 24 gold pieces
  6103 | D:5      | Bought a scroll of identify for 24 gold pieces
  6103 | D:5      | Bought a scroll of identify for 24 gold pieces
  6197 | D:5      | Reached skill level 1 in Fighting
  6197 | D:5      | Reached skill level 9 in Poison Magic
  6302 | D:5      | Noticed Pikel
  6323 | D:5      | Killed Pikel
  6324 | D:5      | Reached XP level 8. HP: 61/62 MP: 5/15
  6765 | D:5      | Reached skill level 5 in Spellcasting
  6765 | D:5      | Reached skill level 10 in Poison Magic
  8036 | D:5      | Learned a level 5 spell: Fireball
  8197 | D:7      | Reached XP level 9. HP: 60/61 MP: 11/17
  8268 | D:7      | Reached skill level 1 in Conjurations
  8268 | D:7      | Reached skill level 11 in Poison Magic
  8329 | D:7      | Found a staircase to the Ecumenical Temple.
  8338 | Temple   | Entered the Ecumenical Temple
  8531 | Temple   | Became a worshipper of Vehumet
  8890 | D:8      | You fall into a shaft and drop 3 floors!
  8931 | D:11     | Killed an unseen horror
  9005 | D:11     | Noticed a boulder beetle
  9015 | D:11     | Noticed a troll
  9036 | D:11     | Killed a troll
  9037 | D:11     | Reached skill level 1 in Fire Magic
  9125 | D:11     | Noticed a skeletal warrior
  9156 | D:11     | Noticed a skeletal warrior
  9157 | D:11     | Noticed a skeletal warrior
  9177 | D:11     | Noticed a two-headed ogre
  9182 | D:10     | Entered Level 10 of the Dungeon
  9193 | D:10     | Killed a two-headed ogre
  9194 | D:10     | Reached skill level 5 in Fighting
  9885 | D:9      | Noticed a kobold demonologist
  9909 | D:9      | Killed a kobold demonologist
  9910 | D:9      | Reached skill level 12 in Poison Magic
  9910 | D:9      | Reached XP level 10. HP: 66/81 MP: 6/19
 10994 | D:8      | Reached skill level 5 in Dodging
 11034 | D:8      | Noticed Grum
 11042 | D:8      | Reached skill level 1 in Shields
 11045 | D:8      | Killed Grum
 11232 | D:8      | Reached * piety under Vehumet
 11232 | D:8      | Offered knowledge of Freeze by Vehumet.
 11436 | D:8      | Found an ancient bone altar of Kikubaaqudgha.
 12120 | D:8      | Reached skill level 5 in Conjurations
 12198 | D:10     | Offered knowledge of Shock by Vehumet.
 12199 | D:10     | Reached ** piety under Vehumet
 12216 | D:10     | Learned a level 1 spell: Shock
 12415 | D:10     | Identified the +2 robe of Vuirotod {Dex+2}
 12534 | D:10     | Noticed a two-headed ogre
 12546 | D:10     | Killed a two-headed ogre
 12547 | D:10     | Reached skill level 5 in Fire Magic
 12844 | D:11     | Reached XP level 11. HP: 83/89 MP: 15/21
 13466 | D:11     | Found a staircase to the Lair.
 13520 | D:11     | Killed a boulder beetle
 13944 | D:11     | Identified a scroll of acquirement
 13944 | D:11     | Acquired a book of Flames
 13951 | D:11     | Learned a level 4 spell: Flame Wave
 13990 | D:11     | Noticed a skeletal warrior
 14076 | D:11     | Noticed a skeletal warrior
 14124 | Lair:1   | Entered Level 1 of the Lair of Beasts
 14307 | Lair:1   | Offered knowledge of Scorch by Vehumet.
 15048 | Lair:1   | Reached skill level 5 in Shields
 15537 | Lair:1   | Reached *** piety under Vehumet
 15538 | Lair:1   | Reached XP level 12. HP: 63/96 MP: 5/22
 15721 | Lair:1   | Learned a level 2 spell: Scorch
 16459 | Lair:2   | Reached skill level 1 in Short Blades
 17473 | Lair:2   | Noticed a four-headed hydra
 17480 | Lair:2   | Killed a four-headed hydra
 18040 | Lair:3   | Noticed a four-headed hydra
 18315 | Lair:3   | Killed a four-headed hydra
 18565 | Lair:3   | Found a staircase to the Shoals.
 18582 | Lair:3   | Offered knowledge of Frozen Ramparts by Vehumet.
 18583 | Lair:3   | Reached skill level 13 in Poison Magic
 18816 | Lair:3   | Found a staircase to the Snake Pit.
 19394 | Lair:3   | Found the +8 whip "Snakebite" {venom, curare, rPois}
 19465 | Lair:3   | Reached **** piety under Vehumet
 20247 | Lair:4   | Noticed a catoblepas
 20270 | Lair:4   | Killed a catoblepas
 20271 | Lair:4   | Reached XP level 13. HP: 55/106 MP: 7/24
 20271 | Lair:4   | Offered knowledge of Sticky Flame by Vehumet.
 20633 | Lair:4   | Learned a level 4 spell: Sticky Flame
 21924 | Lair:4   | Found a staircase to the Slime Pits.
 22161 | Lair:5   | Entered Level 5 of the Lair of Beasts
 22770 | Lair:5   | Reached ***** piety under Vehumet
 22770 | Lair:5   | Offered knowledge of Lee's Rapid Deconstruction by Vehumet.
 22924 | Lair:5   | Reached skill level 10 in Conjurations
 23109 | Lair:5   | Reached skill level 1 in Maces & Flails
 23205 | Lair:5   | Reached skill level 14 in Poison Magic
 24159 | Lair:5   | Gained mutation: Your tail ends in a venomous barb. [Green
                  | Draconian growth]
 24159 | Lair:5   | Reached XP level 14. HP: 118/118 MP: 22/26
 24167 | Lair:5   | Reached skill level 10 in Fire Magic
 25423 | D:11     | Learned a level 6 spell: Starburst
 25776 | D:12     | Noticed a frost giant
 26019 | D:12     | Found a gate leading to a gauntlet.
 26024 | Gauntlet | Entered a Gauntlet
 26024 | Gauntlet | Found a transporter.
 26024 | Gauntlet | Found a transporter.
 26036 | Gauntlet | Found a transporter.
 26054 | Gauntlet | Found a transporter.
 26054 | Gauntlet | Found a transporter.
 26054 | Gauntlet | Found a transporter.
 26056 | Gauntlet | Found a transporter.
 26056 | Gauntlet | Found a transporter.
 26068 | Gauntlet | Found a transporter.
 26084 | Gauntlet | Found a transporter.
 26093 | Gauntlet | Found the +2 Maxwell's thermic engine {flame, freeze}
 26094 | Gauntlet | Found a transporter.
 26108 | Gauntlet | Found a transporter.
 26128 | Gauntlet | Found a transporter.
 26140 | Gauntlet | Found a transporter.
 26340 | Gauntlet | Got Suost's Quarto of the Gathering and Charms
 26353 | Gauntlet | Identified the ring of Tosi {Wiz rF+ SInv}
 26576 | Gauntlet | Identified the +11 broad axe of the Priest {elec, rF+ rN++
                  | Int+4 Dex+3}
 26591 | Gauntlet | HP: 4/118 [minotaur/the +11 broad axe of the Priest {elec,
                  | rF+ rN++ Int+4 Dex+3} (30)]
 27006 | Gauntlet | HP: 2/118 [minotaur/the +11 broad axe of the Priest {elec,
                  | rF+ rN++ Int+4 Dex+3} (16)]
 27006 | Gauntlet | Slain by a minotaur

Illustrated notes

Levels and vault maps discovered:
D:1:      minmay_arrival_semitransparent, layout_loops_corners, serial_shops,
          shop, shapermc_ecumenical_altar_hornbeckon, minmay_distorted
D:2:      layout_loops_ring, basic_altar
D:3:      layout_rooms, uniq_crazy_yiuf_cottage
D:4:      layout_loops_ring, uniq_blork_the_orc
D:5:      layout_loops_ring, serial_shops, shop, minmay_strange_pillars,
          saegor_snake_ambush, uniq_pikel
D:6:      layout_gridville, minmay_misc_feat_roman, eino_curves_03
D:7:      layout_cave_pools, minmay_temple_entry_statues_pillars
D:8:      layout_basic, kiku_gazebo_garden_becter, kennysheep_generic_room_3,
          uniq_grum
D:9:      layout_loops_ring
D:10:     layout_basic
D:11:     layout_loops_ring, erik_lair_orcish_takeover
D:12:     minmay_the_grid_square_5x5_4x4 [minmay_the_grid_square_5x5_empty,
          minmay_the_grid_square_5x5_inner_z, minmay_the_grid_square_5x5_n,
          minmay_the_grid_square_5x5_tri_point,
          minmay_the_grid_square_5x5_trominoes,
          minmay_the_grid_square_5x5_prize_monsterx,
          minmay_the_grid_square_5x5_prize_deathbox,
          minmay_the_grid_square_5x5_gyroscope,
          minmay_the_grid_square_5x5_dogpile,
          minmay_the_grid_square_5x5_prize_open,
          minmay_the_grid_square_5x5_prize_itemx,
          minmay_the_grid_square_5x5_fat_x, minmay_the_grid_square_5x5_shrine2,
          minmay_the_grid_square_5x5_sharp_hourglass,
          minmay_the_grid_square_5x5_bite,
          minmay_the_grid_square_5x5_almost_minimal], layout_rooms,
          minmay_orc_entry_temple_small, gauntlet_entry_generic
Temple:   kilobyte_greek_temple
Lair:1:   wander_river, layout_cave_pods
Lair:2:   layout_layer_cave, grunt_megastairs_1
Lair:3:   minmay_guarded_unrand_snakebite, layout_long_grid,
          minmay_shoals_entry_centaurs, guppyfry_snake_entry_garden
Lair:4:   layout_gridlike, dpeg_slime_entry_enclosed
Lair:5:   evilmike_catoblepas_cave, layout_gridlike, bobbens_ice_dragon_lair
Gauntlet: gammafunk_gauntlet_mixed_choke_point
          [minmay_gauntlet_arena_77_double_cross,
          minmay_gauntlet_arena_77_squiggly,
          minmay_gauntlet_arena_77_radiant_squares, nicolae_gauntlet_swirl,
          minmay_gauntlet_arena_77_p_blocks, minmay_gauntlet_arena_77_mirror,
          minmay_gauntlet_arena_77_box, dreamdust_gauntlet_exit_labyrinth]

Skill      XL: |  1  2  3  4  5  6  7  8  9 10 11 12 13 14 |
---------------+-------------------------------------------+-----
Poison Magic   | 4 5 6 8 9 10 12 13 14 | 14.5
Spellcasting   | 3 4 5 6 7 8 9 |  9.1
Dodging        | 2 3 4 5 6 7 8 |  8.2
Fighting       | 2 3 5 6 7 9 |  9.4
Conjurations   | 4 5 8 9 10 | 10.6
Fire Magic     | 2 5 7 8 9 10 | 10.2
Shields        | 2 6 |  6.4
Short Blades   | 3 |  3.2
Maces & Flails | 2 3 |  3.4
Stealth        | |  1.7
Transmutations | |  1.0

Action                   |  1- 3 |  4- 6 |  7- 9 | 10-12 | 13-15 || total
-------------------------+-------+-------+-------+-------+-------++-------
Melee: Unarmed           |     3 |       |       |       |       ||     3
       Tailslap          |     8 |     2 |    28 |    80 |    24 ||   142
       Dagger            |    40 |    15 |   172 |   387 |       ||   614
       Punch             |       |       |     5 |       |       ||     5
       Whip              |       |       |       |    25 |   148 ||   173
 Cast: Sting             |    66 |    42 |    36 |    49 |       ||   193
       Poisonous Vapours |    17 |    12 |     7 |     2 |       ||    38
       Mephitic Cloud    |       |     3 |     5 |    11 |     6 ||    25
       Olgreb's Toxic Ra |       |     2 |    44 |    82 |    50 ||   178
       Shock             |       |       |       |    22 |       ||    22
       Flame Wave        |       |       |       |    18 |    17 ||    35
       Fireball          |       |       |       |    10 |    11 ||    21
       Scorch            |       |       |       |    35 |    10 ||    45
       Sticky Flame      |       |       |       |       |    18 ||    18
 Abil: Breathe Noxious F |       |       |    10 |    28 |    10 ||    48
Evoke: Wand              |       |       |     1 |       |     2 ||     3
       Box of beasts     |       |       |       |       |     1 ||     1
       Lightning rod     |       |       |       |       |     1 ||     1
       Phantom mirror    |       |       |       |       |     1 ||     1
  Use: Scroll            |     7 |     4 |     9 |    11 |     6 ||    37
       Potion            |       |       |     3 |     2 |     9 ||    14
 Stab: Confused          |       |       |     2 |    10 |       ||    12
       Distracted        |       |       |       |     1 |       ||     1
       Sleeping          |       |       |       |     1 |       ||     1
Armor: Skin              |    21 |     5 |   114 |   187 |    96 ||   423
Dodge: Dodged            |    49 |    31 |   266 |   469 |   209 ||  1024
Block: Buckler           |       |       |       |   176 |    76 ||   252
